 Dungeon Crawl Stone Soup version 0.20.1-1-g8b1a95d (webtiles) character file.

169 Zeege the Firebug (level 5, -1/31 HPs)
             Began as an Octopode Fire Elementalist on Nov 9, 2017.
             Killed by divine providence
             ... invoked by an orc priest
              (15 damage)
             ... on level 4 of the Dungeon.
             The game lasted 00:21:22 (3544 turns).

Zeege the Firebug (Octopode Fire Elementalist)      Turns: 3544, Time: 00:21:23

Health: -1/31      AC:  1    Str:  7    XL:     5   Next: 50%
Magic:  20/24      EV: 14    Int: 19    God:
Gold:   191        SH:  0    Dex: 12    Spells: 9/10 levels left

rFire    . . .     SeeInvis .   r - staff of power
rCold    . . .     Gourm    +   (no shield)
rNeg     . . .     Faith    .   (helmet restricted)
rPois    .         Spirit   .   y - amulet of the gourmand
rElec    .         Reflect  .   v - ring of resist corrosion
rCorr    +         Harm     .   w - ring of loudness (curse)
MR       .....                  (no ring)
Stlth    ++........             (no ring)
Regen    0.1/turn               (no ring)
MPRegen  0.2/turn               (no ring)
                                (no ring)
                                (no ring)

@: no status effects
A: almost no armour, stealthy swim, amphibious, 8 rings, constrict 8, camouflage
1, gelatinous body 1
a: no special abilities


You were on level 4 of the Dungeon.
You were hungry.

You visited 1 branch of the dungeon, and saw 5 of its levels.

You collected 191 gold pieces.

Inventory:

Hand Weapons
 e - a +0 dagger
Missiles
 k - 3 tomahawks (quivered)
Magical Staves
 r - an uncursed staff of power (weapon)
Jewellery
 v - a ring of resist corrosion (left tentacle)
 w - a cursed ring of loudness (right tentacle)
 y - an amulet of the gourmand (around mantle)
Wands
 u - a wand of disintegration (16/24)
Scrolls
 i - 2 scrolls of identify
Potions
 c - a potion of agility {unknown}
 f - 2 potions of mutation {unknown}
 g - 3 potions of heal wounds {unknown}
 j - a potion of brilliance {unknown}
 l - a potion of ambrosia {unknown}
 o - 3 potions of cancellation {unknown}
 s - a potion of curing {unknown}
 x - a potion of berserk rage {unknown}
 A - a potion of might {unknown}
Books
 a - a book of Flames

   Spells                             Type                      Level
   a - Flame Tongue                   Conjuration/Fire             1
   b - Throw Flame                    Conjuration/Fire             2
   c - Conjure Flame                  Conjuration/Fire             3
   d - Inner Flame                    Hexes/Fire                   3
   e - Sticky Flame                   Conjuration/Fire             4
   f - Fireball                       Conjuration/Fire             5
Comestibles
 b - 4 bread rations
 d - 9 fruits
 h - 2 meat rations


   Skills:
 + Level 0.2 Fighting
 - Level 0.6 Short Blades
 * Level 0.8 Staves
 + Level 2.6 Dodging
 + Level 3.4 Stealth
 + Level 3.0 Spellcasting
 + Level 1.5 Conjurations
 * Level 4.2 Fire Magic


You had 9 spell levels left.
You knew the following spells:

 Your Spells              Type           Power        Failure   Level  Hunger
a - Flame Tongue          Conj/Fire      ##...        4%          1    None


Dungeon Overview and Level Annotations

Branches:
Dungeon (5/15)
 Temple: D:4-7

Altars:
Kikubaaqudgha
The Shining One


Innate Abilities, Weirdness & Mutations

You cannot wear most types of armour.
You are very stealthy in the water. (Stealth+)
You are amphibious.
You can wear up to eight rings at the same time.
You can use your tentacles to constrict eight enemies at once.
Your skin changes colour to match your surroundings (Stealth+).
Your rubbery body absorbs attacks. (AC +1, EV +1)


Message History

The orc hits you with a hand axe.
Casting: Flame Tongue
Confirm with . or Enter, or press ? or * to list all spells.
Aiming: Flame Tongue
Press: ? - help, Shift-Dir - straight line, f/p - orc priest
Aim: an orc priest, wielding a mace The flame tongue hits the orc.
The orc appears unharmed.
The orc is heavily wounded.
The orc closely misses you.
Casting: Flame Tongue
Confirm with . or Enter, or press ? or * to list all spells.
Aiming: Flame Tongue
Press: ? - help, Shift-Dir - straight line, f/p - orc priest
Aim: an orc priest, wielding a mace The flame tongue hits the orc.
You kill the orc!
The orc priest shouts!
The orc priest calls down the wrath of Beogh upon you.
Beogh smites you!
You die...

#.# #.# ***** #.#
*##**,,,,
#.#########....,**,
#.##...........,**,
#.##...........,**,
#.##...........,,+,
#.##.........#****,
#.@)o........+,,,+,
####.........##***,
#.....?.....,,*,
#...........,,**
#.....o.....,,*
#######.....,,*
*..o..,,* *,.oo.,,*
*,,...,,*


You could see 2 orc priests.

Vanquished Creatures
  A howler monkey (D:4)
  A worker ant (D:4)
  4 adders
  2 worms
  2 dart slugs
  3 leopard geckos
  3 orcs
  4 giant cockroaches
  6 goblins
  4 hobgoblins
  4 quokkas
  9 bats
  5 frilled lizards
  A jackal skeleton (D:4)
  9 kobolds
  5 rats
63 creatures vanquished.

Notes
Turn   | Place    | Note
-------+----------+-------------------------------------------
     0 | D:1      | Zeege the Octopode Fire Elementalist began the quest for the Orb.
     0 | D:1      | Reached XP level 1. HP: 11/11 MP: 3/3
   292 | D:1      | Reached XP level 2. HP: 17/17 MP: 1/5
   793 | D:2      | Reached XP level 3. HP: 21/21 MP: 3/6
   952 | D:2      | Found an ancient bone altar of Kikubaaqudgha.
  1457 | D:2      | Reached XP level 4. HP: 27/27 MP: 7/7
  2540 | D:3      | Reached skill level 4 in Fire Magic
  2588 | D:3      | Found a glowing golden altar of the Shining One.
  2694 | D:5      | Entered Level 5 of the Dungeon
  3053 | D:4      | Reached XP level 5. HP: 27/31 MP: 9/9
  3237 | D:4      | Noticed a phantom
  3544 | D:4      | Killed from afar by an orc priest

Skill      XL: |  1  2  3  4  5 |
---------------+----------------+-----
Stealth        | 3 |  3.4
Fire Magic     | 4 |  4.2
Spellcasting   | 3 |  3.0
Fighting       | |  0.2
Short Blades   | |  0.6
Staves         | |  0.8
Dodging        | |  2.6
Conjurations   | |  1.5

Action                   |  1- 3 |  4- 6 || total
-------------------------+-------+-------++-------
Melee: Dagger            |    18 |       ||    18
       Constrict         |     2 |     2 ||     4
       Tentacles         |     2 |       ||     2
       Staff             |       |     5 ||     5
 Cast: Flame Tongue      |    50 |    78 ||   128
  Use: Scroll            |     1 |     6 ||     7
  Eat: Chunk             |     1 |     6 ||     7
       Fruit             |     1 |       ||     1
Armor: Skin              |     6 |     5 ||    11
Dodge: Dodged            |    21 |    22 ||    43
